 Dungeon Crawl Stone Soup version 0.27-a0-951-gae3e1deef5 (webtiles) character file.

Game seed: 16363869877561974462

940 polve the Carver (level 7, 0/57 HPs)
             Began as a Demonspawn Abyssal Knight on Apr 11, 2021.
             Was a Believer of Lugonu.
             Slain by a wyvern skeleton (4 damage)
             ... on level 6 of the Dungeon.
             The game lasted 00:11:53 (6480 turns).

polve the Carver (Demonspawn Abyssal Knight)        Turns: 6480, Time: 00:11:54

Health: 0/57       AC: 14    Str: 15    XL:     7   Next: 88%
Magic:  8/8        EV:  4    Int: 15    God:    Lugonu [**....]
Gold:   145        SH:  0    Dex: 12    Spells: 6/6 levels left

rFire    . . .     SeeInvis .   u - +4 falchion
rCold    . . .     Faith    .   (no shield)
rNeg     . . .     Spirit   .   d - +0 plate armour
rPois    .         Reflect  .   (no helmet)
rElec    .         Harm     .   j - +0 cloak
rCorr    .         Rampage  .   (no gloves)
Will     .....                  t - +0 pair of boots
Stlth    ..........             m - amulet of the acrobat
HPRegen  0.19/turn              (no ring)
MPRegen  0.11/turn              (no ring)

@: mighty, brilliant
A: claws 2, thin metallic scales 1, foul stench 2, robust 1, strong 1
a: Renounce Religion, Depart the Abyss, Bend Space


You were on level 6 of the Dungeon.
You worshipped Lugonu.
Lugonu was pleased with you.
You visited 1 branch of the dungeon, and saw 6 of its levels.
You visited the Abyss 1 time.

You collected 145 gold pieces.

Inventory:

Hand Weapons
 u - a +4 falchion (weapon)
Armour
 b - a +0 leather armour
 d - a +0 plate armour (worn)
 j - a +0 cloak (worn)
 t - a +0 pair of boots (worn)
Jewellery
 c - a ring of fire
 m - an amulet of the acrobat (around neck)
Wands
 a - a wand of iceblast (3)
 n - a wand of paralysis (2)
 s - a wand of acid (10)
Scrolls
 e - a scroll of teleportation {unknown}
 f - 10 scrolls of identify {unknown}
 k - a scroll of noise {unknown}
 l - 2 scrolls of blinking {unknown}
 r - a scroll of enchant weapon {unknown}
Potions
 h - 2 potions of curing
 o - a potion of degeneration {unknown}
 p - a potion of might


   Skills:
 - Level 3.0 Fighting
 + Level 8.5 Long Blades
 - Level 1.7 Armour
 - Level 0.8 Dodging
 - Level 2.4 Invocations


You had 6 spell levels left.
You didn't know any spells.
Your spell library was empty.

Dungeon Overview and Level Annotations

Branches:
Dungeon (6/15)             Temple (0/1) D:5

Altars:
Hepliaklqana
Vehumet

Annotations:
D:6 Eustachio


Innate Abilities, Weirdness & Mutations

You have very sharp fingernails.
You are partially covered in thin metallic scales. (AC +2)
You sometimes emit foul miasma when damaged in melee.
You are robust. (+10% HP)
Your muscles are strong. (Str +2)


Message History

An orc priest comes into view. It is wielding a +0 club.
The orc priest shouts!
The orc shouts!
The bat closely misses you.
You riposte.
You hit the bat.
You kill the bat!
The bat's corpse disappears in a puff of smoke!
Found a pair of boots.
Found a yellow potion.
The orc closely misses you.
Found a paperback book.
The orc priest invokes the aid of Beogh against you.
Beogh smites you!
Found 11 gold pieces.
Found an amethyst potion.
Found a hand axe and 17 poisoned darts.
A wyvern skeleton comes into view.
Found a scroll labelled VYUPYGUATEY.
The wyvern skeleton bites you!
Found a stone staircase leading down.
The wyvern skeleton bites you but does no damage.
The wyvern skeleton completely misses you.
The wyvern skeleton bites you.
* * * LOW HITPOINT WARNING * * *
You emit a cloud of foul miasma!
It was a potion of mutation.
You feel extremely strange. A pair of antennae grows on your head!
You feel robust. The antennae on your head shrink away.
You feel stronger. The wyvern skeleton bites you.
* * * LOW HITPOINT WARNING * * *
It was a potion of cancellation.
You feel magically purged.
The wyvern skeleton bites you but does no damage.
It was a potion of might.
You feel very mighty all of a sudden.
The wyvern skeleton bites you but does no damage.
The orc hits you but does no damage.
It was a potion of brilliance.
You feel clever all of a sudden. The wyvern skeleton bites you.
* * * LOW HITPOINT WARNING * * *
The orc hits you but does no damage. The wyvern skeleton bites you.
You die...

...#l..###.#....##
.###...l.K.......#
.###.....KK.....#
..##..####KKl...##
#.oJ..#......o...##
##...........J##..#
...............o..###
..............#Zoo..#
..............##@...#
........>....##....##
.##..........##..###
... ..........####
..: ......... ...
....... ... #.. #


You could see a kobold brigand, an iguana, a jelly, 4 orcs, 4 kobolds and a
wyvern skeleton.

Vanquished Creatures
  A black bear (D:4)
  An ice beast (D:3)
  An ogre (D:4)
  4 scorpions
  2 hounds
  2 orc priests
  Jessica (D:2)
  An iguana (D:4)
  Ijyb (D:3)
  An orc wizard (D:4)
  A killer bee zombie (D:5)
  3 hound skeletons
  6 adders
  An adder skeleton (D:4)
  4 worms
  5 dart slugs
  12 orcs
  5 endoplasms
  5 giant cockroaches
  11 goblins
  4 hobgoblins
  3 quokkas
  4 ball pythons
  3 bats
  6 frilled lizards
  4 kobolds
  4 rats
96 creatures vanquished.

Notes
Turn   | Place    | Note
-------+----------+-------------------------------------------
     0 | Abyss:1  | polve the Demonspawn Abyssal Knight began the quest for the
                  | Orb.
     0 | Abyss:1  | Reached XP level 1. HP: 18/18 MP: 2/2
    37 | Abyss:1  | Noticed a demonic crawler
    39 | Abyss:1  | Noticed a stone giant zombie
    49 | D:1      | Escaped the Abyss
   100 | D:1      | Found a faded altar of an unknown god.
   112 | D:1      | Reached skill level 2 in Long Blades
   257 | D:1      | Reached * piety under Lugonu
   336 | D:1      | Gained mutation: You may rarely emit foul miasma when
                  | damaged in melee. [demonic ancestry]
   336 | D:1      | Reached XP level 2. HP: 24/24 MP: 3/3
   849 | D:2      | Noticed an ogre
   945 | D:2      | Reached skill level 3 in Long Blades
   953 | D:2      | Gained mutation: You are partially covered in thin metallic
                  | scales. (AC +2) [demonic ancestry]
   953 | D:2      | Reached XP level 3. HP: 24/29 MP: 4/4
  1250 | D:2      | Found a hazy altar of Hepliaklqana.
  1567 | D:2      | Noticed Jessica
  1589 | D:2      | Killed Jessica
  1590 | D:2      | Reached skill level 4 in Long Blades
  1590 | D:2      | Reached XP level 4. HP: 32/35 MP: 5/5
  1976 | D:3      | Noticed Ijyb
  1977 | D:3      | Paralysed by Ijyb for 4 turns
  1983 | D:3      | Paralysed by Ijyb for 2 turns
  1987 | D:3      | Killed Ijyb
  1993 | D:3      | Gained mutation: You have sharp fingernails. [demonic
                  | ancestry]
  1993 | D:3      | Reached XP level 5. HP: 37/41 MP: 6/6
  2051 | D:3      | Noticed an ice beast
  2054 | D:3      | Reached skill level 5 in Long Blades
  2129 | D:3      | Killed an ice beast
  2143 | D:3      | HP: 1/41 [poisoned by an orc]
  2443 | D:3      | Gained mutation: You have very sharp fingernails. [demonic
                  | ancestry]
  2443 | D:3      | Reached XP level 6. HP: 46/47 MP: 7/7
  2680 | D:3      | Reached ** piety under Lugonu
  3200 | D:3      | Reached skill level 6 in Long Blades
  4982 | D:4      | Reached skill level 7 in Long Blades
  4982 | D:4      | Gained mutation: You sometimes emit foul miasma when
                  | damaged in melee. [demonic ancestry]
  4982 | D:4      | Reached XP level 7. HP: 14/52 MP: 8/8
  5661 | D:5      | Entered Level 5 of the Dungeon
  5686 | D:5      | Reached skill level 8 in Long Blades
  6326 | D:5      | Found a radiant altar of Vehumet.
  6379 | D:5      | Found a staircase to the Ecumenical Temple.
  6414 | D:6      | Noticed Eustachio
  6477 | D:6      | Gained mutation: You have a pair of small antennae on your
                  | head. [potion of mutation]
  6477 | D:6      | Gained mutation: You are robust. (+10% HP) [potion of
                  | mutation]
  6477 | D:6      | Lost mutation: You have a pair of small antennae on your
                  | head. [potion of mutation]
  6477 | D:6      | Gained mutation: Your muscles are strong. (Str +2) [potion
                  | of mutation]
  6480 | D:6      | Slain by a wyvern skeleton

Illustrated notes

Levels and vault maps discovered:
D:1:      minmay_arrival_semitransparent, layout_rooms, basic_ecumenical_altar,
          serial_forest, infiniplex_forest_clump_diagonal,
          infiniplex_forest_clump_small, infiniplex_forest_clump_curved,
          infiniplex_forest_clump_medium, infiniplex_forest_lined_room_,
          infiniplex_forest_3_way, infiniplex_forest_lined_4_way,
          infiniplex_forest_lined_room_2, nrook_campfire,
          kennysheep_decorative_pillar
D:2:      layout_basic, basic_altar, uniq_jessica
D:3:      layout_loops_cross, cheibrodos_sewer_entry_bend, minmay_ogre_servants,
          uniq_ijyb
D:4:      layout_loops_cross, hex_tiny
D:5:      layout_rooms, elyvilon_altar_5, nicolae_vehumet_radiance,
          minmay_temple_entry_grid, serial_corexii_hall, corexii_hall_statues_l,
          corexii_hall_statues_i, corexii_hall_statues_l, uniq_grinder
D:6:      layout_cave_pools, nicolae_ru_the_path_less_chosen, uniq_eustachio

Skill      XL: |  1  2  3  4  5  6  7 |
---------------+----------------------+-----
Long Blades    | 2 3 4 5 7 8 |  8.5
Fighting       | |  3.0
Armour         | |  1.7
Dodging        | |  0.8
Invocations    | |  2.4

Action                   |  1- 3 |  4- 6 |  7- 9 || total
-------------------------+-------+-------+-------++-------
Melee: Falchion          |   117 |   234 |   111 ||   462
Invok: Depart the Abyss  |     1 |       |       ||     1
       Bend Space        |       |       |     1 ||     1
  Use: Potion            |       |     4 |     4 ||     8
Armor: Plate armour      |   114 |   135 |    93 ||   342
Dodge: Dodged            |    18 |    40 |    72 ||   130
       Rpst.: Falchion   |     6 |    12 |    17 ||    35

Table legend: (Time is in decaauts)
 A = Elapsed time spent in this place.
 B = Non-inter-level travel time spent in this place.
 C = Inter-level travel time spent in this place.
 D = Time resting spent in this place.
 E = Time spent auto-exploring this place.
 F = Levels seen in this place.
 G = Mean time per level.
                   A        B        C        D        E       F      G
               +--------+--------+--------+--------+--------+-----+--------+
         Total |   6504 |   6259 |    245 |     77 |   4948 |   7 |  929.1 |
       Dungeon |   6455 |   6210 |    245 |     77 |   4911 |   6 | 1075.8 |
         Abyss |     49 |     49 |      0 |      0 |     37 |   1 |   49.0 |
               +--------+--------+--------+--------+--------+-----+--------+

Top non-repeatable levels by time:
     D:4: 2089 daAuts
     D:3: 1935 daAuts
     D:2: 1020 daAuts
     D:1: 883 daAuts
     D:5: 438 daAuts
     D:6: 87 daAuts
 Abyss:1: 49 daAuts
